 Dungeon Crawl Stone Soup version 0.20.1-1-g8b1a95d (webtiles) character file.

105 Minstaer the Slasher (level 5, -4/42 HPs)
             Began as a Human Monk on Nov 4, 2017.
             Slain by a goblin
             ... wielding a +0 club
             ... led by Robin
              (8 damage)
             ... on level 3 of the Dungeon.
             The game lasted 00:06:11 (1745 turns).

Minstaer the Slasher (Human Monk)                   Turns: 1745, Time: 00:06:12

Health: -4/42      AC:  5    Str: 12    XL:     5   Next: 8%
Magic:  5/5        EV: 12    Int: 10    God:
Gold:   132        SH:  0    Dex: 16    Spells: 4/4 levels left

rFire    . . .     SeeInvis .   a - +0 falchion
rCold    . . .     Gourm    .   (no shield)
rNeg     . . .     Faith    .   d - +0 ring mail
rPois    .         Spirit   .   (no helmet)
rElec    .         Reflect  .   (no cloak)
rCorr    .         Harm     .   (no gloves)
MR       .....                  (no boots)
Stlth    +.........             (no amulet)
Regen    0.2/turn               (no ring)
MPRegen  0.1/turn               (no ring)

@: no status effects
A: no striking features
a: no special abilities


You were on level 3 of the Dungeon.
You were not hungry.

You visited 1 branch of the dungeon, and saw 3 of its levels.

You collected 132 gold pieces.

Inventory:

Hand Weapons
 a - a +0 falchion (weapon)
Missiles
 e - 127 stones (quivered)
 f - 51 arrows
 j - 19 bolts
Armour
 b - a +0 robe
 d - a +0 ring mail (worn)
Jewellery
 s - an uncursed amulet of regeneration {unknown}
Wands
 t - a wand of flame (34/48)
Scrolls
 g - a scroll of identify {unknown}
 h - 3 scrolls of remove curse {unknown}
 k - a scroll of blinking {unknown}
 o - a scroll of teleportation {unknown}
Potions
 n - 2 potions of curing {unknown}
 p - a potion of mutation {unknown}
 q - a potion of agility {unknown}
Comestibles
 c - 3 bread rations
 i - 2 fruits
 l - 2 meat rations
 m - 2 chunks of flesh
 r - a royal jelly


   Skills:
 + Level 4.0 Fighting
 * Level 4.4 Long Blades
 - Level 3.1 Dodging
 - Level 2.0 Stealth


You had 4 spell levels left.
You didn't know any spells.

Dungeon Overview and Level Annotations

Branches:
Dungeon (2/15)

Altars:

Annotations:
D:3 Robin


Message History

The goblin closely misses you.
You hit the goblin.
You kill the goblin!
The goblin no longer looks unusually strong.
The goblin hits you but does no damage. The goblin barely misses you.
Robin flexes a bicep menacingly.
Robin throws the goblin at you!
* * * LOW HITPOINT WARNING * * *
You barely miss the goblin. The goblin barely misses you.
You riposte.
You closely miss the goblin. The goblin hits you but does no damage.
You barely miss the goblin. The goblin closely misses you.
Robin hits you with a dagger.
* * * LOW HITPOINT WARNING * * *
The goblin closely misses you.
You riposte.
Your ring mail prevents you from hitting the goblin.
You hit the goblin but do no damage. The goblin barely misses you.
Robin roars a battlecry!
The goblins go into a battle-frenzy!
The goblin hits you with a club!
You die...

####### #.....# #.....#
#.....# ##.....#
##......######.
##..............#
########g.#.......###..<
...).gg@g........###..#
....############.....# #
####..#### #####.....###
..#...###...## #####.#.#
###..### ...#...###
#.....#
######.#.....####.....#
......................#


You could see Robin, a hobgoblin and 2 goblins.

Vanquished Creatures
  3 adders
  A worm (D:2)
  A dart slug (D:1)
  2 leopard geckos
  A ball python (D:1)
  A giant cockroach (D:2)
  10 goblins
  8 hobgoblins
  10 jackals
  7 kobolds
  9 bats
  3 frilled lizards
  7 rats
63 creatures vanquished.

Notes
Turn   | Place    | Note
-------+----------+-------------------------------------------
     0 | D:1      | Minstaer the Human Monk began the quest for the Orb.
     0 | D:1      | Reached XP level 1. HP: 18/18 MP: 1/1
    33 | D:1      | Reached XP level 2. HP: 18/24 MP: 2/2
   292 | D:1      | Reached XP level 3. HP: 26/29 MP: 3/3
   918 | D:2      | Reached XP level 4. HP: 27/37 MP: 4/4
  1619 | D:2      | You fall through a shaft!
  1727 | D:3      | Noticed Robin
  1731 | D:3      | Reached XP level 5. HP: 25/42 MP: 5/5
  1745 | D:3      | Slain by a goblin

Skill      XL: |  1  2  3  4 |
---------------+-------------+-----
Long Blades    | 4 |  4.4
Fighting       | 4 |  4.0
Dodging        | |  3.1
Stealth        | |  2.0

Action                   |  1- 3 |  4- 6 || total
-------------------------+-------+-------++-------
Melee: Falchion          |    87 |    89 ||   176
  Use: Potion            |     1 |       ||     1
 Stab: Sleeping          |     1 |     1 ||     2
  Eat: Chunk             |       |     3 ||     3
Armor: Robe              |    21 |    10 ||    31
       Ring mail         |       |    23 ||    23
Dodge: Dodged            |    78 |    73 ||   151
       Rpst.: Falchion   |    21 |    21 ||    42
